 Dungeon Crawl Stone Soup version 0.16-a0-331-g39fd2ee (webtiles) character file.

57 Kashira the Charmwright (level 3, -4/28 HPs)
             Began as a Mummy Skald on Sept 8, 2014.
             Slain by Terence
             ... wielding a +0 flail
              (5 damage)
             ... on Level 2 of the Dungeon.
             The game lasted 00:06:45 (1864 turns).

Kashira the Charmwright (Mummy Skald)               Turns: 1864, Time: 00:06:46

HP  -4/28        AC  5     Str 15      XL: 3   Next: 73%
MP   2/6         EV  9     Int 11      God:
Gold 79          SH  0     Dex 12      Spells:  3 memorised,  2 levels left

rFire  x . .     SeeInvis .     a - +0 mace
rCold  + . .     Clarity  .     l - +0 ring mail
rNeg   + + +     rCorr    .     (no shield)
rPois  +         rRot     +     (no helmet)
rElec  .         Spirit   .     (no cloak)
SustAb .         Warding  .     (no gloves)
rMut   .         Stasis   .     (no boots)
Gourm  .                        i - amulet of rage
MR     .....                    (no ring)
                                m - ring of flight

@: infused, not resistant to hostile enchantments, very unstealthy
A: no food or potions, fire vulnerability, restore body, cold resistance 1,
negative energy resistance 3, poison resistance, torment resistance, unbreathing
a: Evoke Flight


You were on level 2 of the Dungeon.
You were not hungry.

You visited 1 branch of the dungeon, and saw 2 of its levels.

You collected 79 gold pieces.

Inventory:

Hand weapons
 a - a +0 mace (weapon)
Armour
 b - a +0 leather armour
 j - a +0 chain mail
 l - a +0 ring mail (worn)
Scrolls
 e - a scroll of enchant weapon {unknown}
 f - a scroll of remove curse {unknown}
 g - 3 scrolls of enchant armour
 h - a scroll of amnesia {unknown}
 k - a scroll of teleportation {unknown}
 n - a scroll of magic mapping {unknown}
Jewellery
 i - an amulet of rage (around neck)
 m - a ring of flight (left hand)
Books
 c - a book of Battle

   Spells                             Type                      Level
   *Infusion                          Charms                       1
   *Shroud of Golubria                Charms/Translocation         2
   *Song of Slaying                   Charms                       2
   Spectral Weapon                    Hexes/Charms                 3
   Regeneration                       Charms/Necromancy            3


   Skills:
 + Level 2.3 Fighting
 + Level 1.7 Maces & Flails
 + Level 1.3 Armour
 + Level 1.1 Dodging
 + Level 2.6 Spellcasting
 + Level 2.7 Charms
 + Level 0.2 Translocations


You had 2 spell levels left.
You knew the following spells:

 Your Spells              Type           Power        Failure   Level  Hunger
a - Infusion              Chrm           #.....       14%         1    N/A
b - Song of Slaying       Chrm           #.......     21%         2    N/A
c - Shroud of Golubria    Chrm/Tloc      #.........   30%         2    N/A

Dungeon Overview and Level Annotations

Branches:
Dungeon (2/15)

Altars:

Annotations:
D:2 Terence


Innate Abilities, Weirdness & Mutations

You do not eat or drink.
Your flesh is vulnerable to fire.
Your flesh is cold resistant.
You are immune to negative energy.
Your system is resistant to poisons.
You are immune to unholy pain and torment.
You can survive without breathing.


Message History

You hit Terence.
Terence is moderately wounded.
Terence hits you with a flail.
* * * LOW HITPOINT WARNING * * *
Terence hits you with a flail.
* * * LOW HITPOINT WARNING * * *
Read which item? (? for menu, Esc to quit)
As you read the scroll labeled IFEYBI WOICYR, it crumbles to dust.
It is a scroll of identify.
Identify which item? (\ to view known items) (? for menu, Esc to quit)
g - 3 scrolls of enchant armour You are too injured to fight recklessly!
You hit Terence.
Terence is heavily wounded.
Terence hits you with a flail.
* * * LOW HITPOINT WARNING * * *
You hit Terence but do no damage.
Terence is heavily wounded.
Terence hits you but does no damage. Terence hits you with a flail.
You die...

##################
..%..(........(..#
################.#
#.# #@# #@#
#.....K# ########


You could see Terence and a kobold.

Vanquished Creatures
  2 adders (D:2)
  A worm (D:2)
  A ball python (D:1)
  6 bats (D:1)
  A giant cockroach (D:1)
  7 hobgoblins (D:1)
  3 jackals (D:1)
  2 giant newts (D:2)
  2 goblins (D:1)
  3 kobolds
  3 rats
31 creatures vanquished.

Notes
Turn   | Place    | Note
--------------------------------------------------------------
     0 | D:1      | Kashira, the Mummy Skald, began the quest for the Orb.
     0 | D:1      | Reached XP level 1. HP: 16/16 MP: 3/3
   375 | D:1      | Reached XP level 2. HP: 22/22 MP: 1/4
   483 | D:1      | Reached skill level 1 in Armour
   915 | D:1      | Reached skill level 1 in Dodging
  1389 | D:2      | Learned a level 2 spell: Song of Slaying
  1392 | D:2      | Learned a level 2 spell: Shroud of Golubria
  1450 | D:2      | Reached XP level 3. HP: 27/27 MP: 0/6
  1855 | D:2      | Noticed Terence
  1863 | D:2      | HP: 1/28 [Terence/flail (1)]
  1864 | D:2      | Slain by Terence

Action                   || total
-------------------------++-------
Melee: Mace              ||   126
 Cast: Infusion          ||    24
       Shroud of Golubri ||     2
  Use: Scroll            ||     2
